 Dungeon Crawl Stone Soup version 0.21.1-1-g345015f (webtiles) character file.

6560 pk666 the Thaumaturge (level 10, -5/56 HPs)
             Began as a Deep Elf Wizard on Feb 11, 2018.
             Was a Follower of Vehumet.
             Slain by a blink frog (16 damage)
             ... on level 2 of the Lair of Beasts.
             The game lasted 00:47:08 (14522 turns).

pk666 the Thaumaturge (Deep Elf Wizard)            Turns: 14522, Time: 00:47:09

Health: -5/56      AC:  4    Str:  4    XL:     10   Next: 70%
Magic:  6/28       EV: 14    Int: 27    God:    Vehumet [*.....]
Gold:   395        SH:  0    Dex: 13    Spells: 25/34 levels left

rFire    + . .     SeeInvis .   D - staff of energy
rCold    + . .     Gourm    .   (no shield)
rNeg     . . .     Faith    .   C - +0 robe {rC+ rF+}
rPois    +         Spirit   .   b - +0 hat
rElec    .         Reflect  .   x - +0 cloak
rCorr    .         Harm     .   H - +0 pair of gloves
MR       +....                  (no boots)
Stlth    ++........             (no amulet)
HPRegen  0.18/turn              m - ring of wizardry
MPRegen  0.21/turn              G - ring of poison resistance

@: no status effects
A: no striking features
a: Renounce Religion


You were on level 2 of the Lair of Beasts.
You worshipped Vehumet.
Vehumet was aware of your devotion.
You were not hungry.

You visited 3 branches of the dungeon, and saw 11 of its levels.
You also visited: Sewer.

You collected 395 gold pieces.

Inventory:

Hand Weapons
 B - a +2 dagger of venom
Armour
 b - a +0 hat (worn)
 x - a +0 cloak (worn)
 C - a +0 robe of resistance (worn)
 H - a +0 pair of gloves (worn)
Magical Staves
 D - an uncursed staff of energy (weapon)
Jewellery
 m - a ring of wizardry (left hand)
 o - an uncursed ring of stealth
 G - a ring of poison resistance (right hand)
Wands
 a - a wand of disintegration (31)
 l - a wand of digging (23)
 z - a wand of flame (15)
 I - a wand of clouds (4)
 L - a wand of acid (10)
 N - a wand of polymorph (13)
 O - a wand of paralysis (12)
Scrolls
 e - a scroll of enchant armour {unknown}
 i - 15 scrolls of identify
 j - a scroll of amnesia {unknown}
 r - 2 scrolls of immolation
 s - 2 scrolls of teleportation
 v - a scroll of magic mapping {unknown}
 w - a scroll of noise {unknown}
 y - a scroll of remove curse
 A - a scroll of summoning {unknown}
 E - a scroll of blinking {unknown}
 F - a scroll of brand weapon {unknown}
 J - a scroll of random uselessness {unknown}
 K - a scroll of enchant weapon
Potions
 f - a potion of resistance {unknown}
 g - 8 potions of curing
 h - 6 potions of heal wounds {unknown}
 k - a potion of mutation {unknown}
 n - 2 potions of brilliance {unknown}
 p - a potion of agility
 q - a potion of magic {unknown}
 t - 3 potions of flight {unknown}
 u - 5 potions of haste {unknown}
 M - 2 potions of lignification {unknown}
Books
 c - a book of Minor Magic

   Spells                             Type                      Level
   a - Magic Dart                     Conjuration                  1
   b - Blink                          Translocation                2
   c - Call Imp                       Summoning                    2
   d - Slow                           Hexes                        2
   e - Conjure Flame                  Conjuration/Fire             3
   f - Mephitic Cloud                 Conjuration/Poison/Air       3
Comestibles
 d - 18 rations


   Skills:
 + Level 3.2 Fighting
 + Level 3.7 Staves
 - Level 5.0 Dodging
 - Level 2.4 Stealth
 * Level 12.5 Spellcasting
 * Level 10.3 Conjurations
   Level 1.1 Summonings
 - Level 1.1 Translocations
 + Level 6.8 Fire Magic
 - Level 1.0 Air Magic
 - Level 2.1 Poison Magic


You had 25 spell levels left.
You knew the following spells:

 Your Spells              Type           Power        Failure   Level  Hunger
a - Magic Dart            Conj           ####         1%          1    None
b - Blink                 Tloc           N/A          1%          2    None
d - Conjure Flame         Conj/Fire      ######..     1%          3    None
z - Mephitic Cloud        Conj/Pois/Air  #####...     1%          3    None


Dungeon Overview and Level Annotations

Branches:
Dungeon (8/15)             Temple (1/1) D:6            Lair (2/6) D:8
  Swamp: Lair:2-4    Shoals: Lair:2-4     Snake: Lair:2-4    Spider: Lair:2-4

Altars:
Ashenzari
Cheibriados
Dithmenos
Elyvilon
Fedhas
Gozag
Hepliaklqana
Kikubaaqudgha
Makhleb
Nemelex Xobeh
Okawaru
Qazlal
Ru
Sif Muna
Trog
Uskayaw
Vehumet
Wu Jian
Xom
Yredelemnul
Zin
The Shining One

Annotations:
D:7 1 runed door


Message History

The fire ignites!
Casting: Conjure Flame
Confirm with . or Enter, or press ? or * to list all spells.
You blink.
A blink frog comes into view.
The blink frog croaks.
You hear a loud, deep croak!
A blink frog comes into view.
The bullfrog releases a deep croak.
The porcupine closely misses you. 2 blink frogs come into view.
The blink frog blinks!
The blink frog hits you!
* * * LOW HITPOINT WARNING * * *
The blink frog blinks!
Casting: Blink
Confirm with . or Enter, or press ? or * to list all spells.
You blink.
The blink frog gives a loud, deep croak! x2
The blink frog blinks!
The blink frog hits you!
You die...

.#......#F..##....#...
..###...H.............
.# ###....8.....#...
##.r.....##.....
#.8..F8..# .##.
##....FF.##
##....8F...###
#.##.....F......#
#.#...###@###.....
$##...#....#...l.##....
........8..#$..P#..#...
...... ...#........#.#.
......##..#.....P.....
......................
................#..###
#.............##..#
#.....<........ ..#


You could see a komodo dragon, a hippogriff, 4 blink frogs, a bullfrog and a
porcupine.

Vanquished Creatures
  A black mamba (Lair:1)
  Maurice (D:8)
  Joseph (D:8)
  Psyche (D:8)
  A troll (D:8)
  6 yaks (Lair:1)
  A basilisk (Lair:1)
  A hungry ghost (D:7)
  4 water moccasins (Lair:1)
  2 porcupines (Lair:1)
  Duvessa (D:4)
  2 orc warriors (D:8)
  2 ice beasts (D:6)
  2 sky beasts
  2 centaurs
  2 ogres
  2 phantoms
  A big kobold (Sewer)
  4 bullfrogs
  A wyvern zombie (D:7)
  Dowan (D:4)
  A scorpion (D:7)
  6 wights
  3 killer bees (D:7)
  2 centaur zombies
  7 howler monkeys
  A bullfrog zombie (D:7)
  2 crimson imps
  A jelly (D:5)
  5 hounds
  4 orc priests
  A centaur skeleton (D:4)
  Terence (D:3)
  5 orc wizards
  3 iguanas
  8 worker ants
  7 gnolls
  A worker ant zombie (D:5)
  A howler monkey skeleton (D:7)
  11 adders
  4 river rats (D:3)
  3 shadow imps
  6 oozes
  2 worms (D:2)
  3 dart slugs
  5 leopard geckos
  11 orcs
  4 ball pythons
  8 giant cockroaches
  10 goblins
  11 hobgoblins
  4 jackals
  2 quokkas
  7 bats
  8 frilled lizards
  20 kobolds
  A leopard gecko zombie (D:6)
  A quokka skeleton (D:4)
  16 rats
235 creatures vanquished.

Vanquished Creatures (collateral kills)
  2 killer bees (D:7)
  An orc (D:7)
3 creatures vanquished.

Grand Total: 238 creatures vanquished

Notes
Turn   | Place    | Note
-------+----------+-------------------------------------------
     0 | D:1      | pk666 the Deep Elf Wizard began the quest for the Orb.
     0 | D:1      | Reached XP level 1. HP: 10/10 MP: 7/7
   218 | D:1      | Reached XP level 2. HP: 15/15 MP: 3/9
   803 | D:1      | Reached skill level 5 in Spellcasting
   940 | D:1      | Reached XP level 3. HP: 18/19 MP: 7/11
   978 | D:1      | Learned a level 2 spell: Blink
   982 | D:1      | Learned a level 3 spell: Mephitic Cloud
   986 | D:1      | Learned a level 3 spell: Conjure Flame
  2352 | D:2      | Reached XP level 4. HP: 24/24 MP: 11/13
  2688 | D:3      | Reached skill level 1 in Fire Magic
  3042 | D:3      | Reached XP level 5. HP: 16/28 MP: 4/15
  3082 | D:3      | Found a glowing drain.
  3103 | Sewer    | Entered a sewer
  3284 | Sewer    | Reached skill level 1 in Poison Magic
  3427 | Sewer    | Reached skill level 1 in Air Magic
  3699 | Sewer    | Reached skill level 6 in Spellcasting
  4022 | D:3      | Reached XP level 6. HP: 32/32 MP: 12/17
  4246 | D:3      | Noticed Terence
  4253 | D:3      | Killed Terence
  4671 | D:4      | Found a shadowy altar of Dithmenos.
  5424 | D:4      | Reached XP level 7. HP: 18/36 MP: 7/19
  5697 | D:4      | Reached skill level 7 in Spellcasting
  5908 | D:4      | Noticed Duvessa
  5916 | D:4      | Noticed Dowan
  5927 | D:4      | Killed Duvessa
  5927 | D:4      | Reached skill level 5 in Conjurations
  5952 | D:4      | Killed Dowan
  6414 | D:4      | Found a stormy altar of Qazlal.
  6536 | D:5      | Entered Level 5 of the Dungeon
  6657 | D:5      | Reached skill level 5 in Dodging
  6657 | D:5      | Reached skill level 8 in Spellcasting
  6657 | D:5      | Reached XP level 8. HP: 38/41 MP: 17/22
  6678 | D:5      | Found a burning altar of Makhleb.
  7783 | D:6      | Reached skill level 9 in Spellcasting
  8067 | D:6      | Found a blossoming altar of Fedhas.
  8150 | D:6      | Found a staircase to the Ecumenical Temple.
  8184 | Temple   | Entered the Ecumenical Temple
  8224 | Temple   | Became a worshipper of Vehumet
  9215 | D:7      | Reached skill level 10 in Spellcasting
  9215 | D:7      | Reached XP level 9. HP: 27/45 MP: 5/25
  9223 | D:7      | Reached skill level 5 in Fire Magic
 10123 | D:7      | Reached * piety under Vehumet
 10123 | D:7      | Offered knowledge of Flame Tongue by Vehumet.
 10128 | D:7      | Reached skill level 1 in Staves
 10142 | D:7      | Reached skill level 1 in Fighting
 10437 | D:7      | Found a runed door.
 10437 | D:7      | Noticed a sixfirhy
 10576 | D:8      | Noticed a troll
 10608 | D:8      | Killed a troll
 10608 | D:8      | Reached skill level 11 in Spellcasting
 10614 | D:8      | Found a staircase to the Lair.
 10924 | D:8      | Noticed Psyche
 10939 | D:8      | Killed Psyche
 11148 | D:8      | Noticed Maurice
 11200 | D:8      | Killed Maurice
 11200 | D:8      | Reached XP level 10. HP: 31/53 MP: 15/27
 12019 | D:8      | Noticed Joseph
 12259 | D:8      | Killed Joseph
 12820 | Lair:1   | Entered Level 1 of the Lair of Beasts
 12830 | Lair:1   | Noticed a black mamba
 12836 | Lair:1   | Killed a black mamba
 13197 | Lair:1   | Reached skill level 12 in Spellcasting
 13667 | Lair:1   | Reached skill level 10 in Conjurations
 14487 | Lair:2   | Noticed a spiny frog
 14522 | Lair:2   | Slain by a blink frog

Skill      XL: |  1  2  3  4  5  6  7  8  9 10 |
---------------+-------------------------------+-----
Conjurations   | 2 3 4 5 7 9 10 | 10.3
Spellcasting   | 5 6 8 10 11 12 | 12.5
Dodging        | 3 4 5 |  5.0
Fire Magic     | 1 2 3 4 6 |  6.8
Poison Magic   | 1 2 |  2.1
Air Magic      | 1 |  1.0
Staves         | 2 3 |  3.7
Fighting       | 2 3 |  3.2
Stealth        | |  2.4
Summonings     | |  1.1
Translocations | |  1.1

Action                   |  1- 3 |  4- 6 |  7- 9 | 10-12 || total
-------------------------+-------+-------+-------+-------++-------
Melee: Unarmed           |     6 |       |       |       ||     6
       Dagger            |       |    25 |    18 |       ||    43
       Staff             |       |       |    27 |    16 ||    43
 Cast: Magic Dart        |   140 |   192 |   395 |   160 ||   887
       Conjure Flame     |     3 |     6 |    27 |    12 ||    48
       Mephitic Cloud    |       |     8 |    27 |    19 ||    54
       Blink             |       |     1 |     4 |     5 ||    10
  Use: Scroll            |       |       |       |     5 ||     5
 Stab: Confused          |       |     6 |     5 |     1 ||    12
  Eat: Chunk             |     4 |    10 |    14 |     1 ||    29
       Ration            |       |       |     1 |     3 ||     4
Armor: Robe              |     2 |     9 |    12 |       ||    23
Dodge: Dodged            |    15 |    32 |    47 |    27 ||   121
